cohdb
Replays
Latest Replays
All Replays
Popular Replays
Top Player Replays
Match Explorer
How It Works
Community
CoH3 Stats
Reddit
Sign in to upload your games and track your stats! →
Sign in with Steam
Match 45414150
Unlisted
Match 45414150
Overview
Messages
Build Orders
End
Vickers Machine Gun Team
Royal Engineer Section
Vickers Machine Gun Team
Construct Section Command Post
Infantry Section
Grenade Package
Infantry Section
Selects Air and Sea Battlegroup
Construct Platoon Command Post
Infantry Section
Selects Commando Section Paradrop
Selects M1 Pack Howitzer Paradrop
M1 Pack Howitzer Paradrop
Construct Field Infirmary
CMP 15cwt Truck
Infantry Training
Unlock Bishop Self-propelled Artillery
Bishop Self-propelled Artillery
Bishop Self-propelled Artillery
6-pounder Anti-tank Gun Team
Construct Company Command Post
Unlock M3 Grant Medium Tanks
Foot Guards Section
RitraXP
alex You
Chaotic
Deep Blue Fish
MoronPark-CPLASF
조영
Mellow Elf
Potato Elf
0
0
Comments
sign in to comment!
No comments posted yet!